 Dungeon Crawl Stone Soup version 0.30-a0-881-g1ff12e1e11 (webtiles) character file.

Game seed: 15428546649738447307

2036 WimpyRanger the Basher (level 9, 0/65 (71) HPs)
             Began as a Formicid Fighter on Mar 14, 2023.
             Slain by a wight
             ... wielding a +3 halberd
              (6 damage)
             ... on level 6 of the Dungeon.
             The game lasted 00:12:40 (4798 turns).

WimpyRanger the Basher (Formicid Fighter)           Turns: 4798, Time: 00:12:40

HP:   0/65 (71)     AC:  7    Str: 26    XL:     9   Next: 48%
MP:   9/9           EV: 10    Int:  7    God:
Gold: 422           SH:  6    Dex: 13    Spells: 8/8 levels left

rFire   . . .      SeeInvis +    A - +3 flail (venom)
rCold   . . .      Faith    .    c - +0 buckler
rNeg    . . .      Spirit   .    b - +0 scale mail
rPois   .          Reflect  .    (helmet unavailable)
rElec   .          Rampage  .    (no cloak)
rCorr   .                        (no gloves)
Will    .....                    (no boots) Stlth
                                 (no amulet)
HPRegen 0.30/turn                v - +4 ring of slaying
MPRegen 0.11/turn                (no ring)

@: drained
A: permanent stasis, dig shafts and tunnels, antennae 3, four strong arms
a: Dig, Shaft Self


You were on level 6 of the Dungeon.
You visited 1 branch of the dungeon, and saw 6 of its levels.

You collected 422 gold pieces.

Inventory:

Hand Weapons
 a - a +0 flail
 x - a +1 flail of protection
 A - a +3 flail of venom (weapon)
Missiles
 h - 5 atropa-tipped darts
 B - 3 poisoned darts (quivered)
Armour
 b - a +0 scale mail (worn)
 c - a +0 buckler (worn)
 k - a +2 robe of resistance
 t - a +2 hat of intelligence
Jewellery
 v - a +4 ring of slaying (left hand)
 y - a +6 ring of dexterity
 C - an amulet of magic regeneration
Wands
 w - a wand of mindburst (3)
Scrolls
 f - 3 scrolls of vulnerability
 l - a scroll of fog {unknown}
 o - 5 scrolls of noise
 q - 2 scrolls of blinking
 r - 2 scrolls of teleportation {unknown}
 s - a scroll of poison {unknown}
 u - a scroll of amnesia {unknown}
Potions
 d - 2 potions of flight {unknown}
 e - a potion of lignification {unknown}
 g - a potion of haste
 i - a potion of cancellation
 j - a potion of brilliance
 m - 2 potions of attraction {unknown}
 n - 3 potions of curing
 p - 2 potions of resistance
 z - 2 potions of mutation {unknown}


   Skills:
 + Level 6.4 Fighting
 + Level 9.0 Maces & Flails
 - Level 4.0 Armour
 - Level 1.0 Dodging
 * Level 8.4 Shields


You had 8 spell levels left.
You didn't know any spells.
Your spell library contained the following spells:

 Spells                   Type           Power      Damage    Failure   Level
 Necrotise                Necr           0%         1d4       77%         1
 Vampiric Draining        Necr           0%         2d6       98%         3
 Agony                    Necr           0%         N/A       100%        5


Dungeon Overview and Level Annotations

Branches:
Dungeon (6/15)
 Temple: D:4-7

Altars:
Dithmenos
Gozag
Makhleb
Okawaru
Trog


Innate Abilities, Weirdness & Mutations

You cannot be hasted, slowed, berserked, paralysed or teleported.
You can dig through walls and to a lower floor.
You have a pair of large antennae on your head. (SInv)
Your four strong arms can wield two-handed weapons with a shield.


Message History

You closely miss the wight.
The wight is moderately damaged.
The wight hits you with a +0 halberd!
You sock the wight!
The wight is almost destroyed.
The wight hits you but does no damage. You block the wight's attack.
You thump the wight!
You destroy the wight!
The wight misses you.
Your Maces & Flails skill increases to level 9!
The wight hits you with a +3 halberd!
You closely miss the wight. The wight hits you with a +3 halberd.
You feel drained.
You hit the wight.
The wight is moderately damaged.
You block the wight's attack.
You barely miss the wight.
The wight is moderately damaged.
The wight hits you with a +3 halberd!
You feel drained.
You are too injured to fight recklessly!
You are too injured to fight recklessly!
You are too injured to fight recklessly!
You sock the wight!
The wight is almost destroyed.
The wight barely misses you.
You closely miss the wight.
The wight is almost destroyed.
The wight hits you with a +3 halberd!
You hit the wight but do no damage.
The wight is almost destroyed.
You block the wight's attack.
You closely miss the wight.
The wight is almost destroyed.
The wight hits you with a +3 halberd!
* * * LOW HITPOINT WARNING * * *
Okay, then.
You feel better. The wight hits you with a +3 halberd!
* * * LOW HITPOINT WARNING * * *
You feel drained.
You die...

#### #..... . ........#..
#^##.##.#.### #.##........
#.#####.##.......
#....z).##.##.#.#
#.####@.##.##.#.##
#.............._.#
#..##............#
#..##.##.####.##.# #.........#
#.##.# #####.[##.##..###.##.####
. ...#.........).........##.
...#####.##........#.##.........
.......)................#.......


You could see a wight.

Vanquished Creatures
  Grinder (D:4)
  Prince Ribbit (D:6)
  Sigmund (D:5)
  A wyvern (D:5)
  Menkaure (D:5)
  Edmund (D:5)
  An ice beast (D:6)
  A phantom (D:5)
  A kobold brigand (D:4)
  A bullfrog (D:5)
  2 wights (D:6)
  2 howler monkeys
  4 orc priests
  3 hounds
  A jelly (D:6)
  Jessica (D:2)
  2 iguanas
  2 orc wizards (D:6)
  Terence (D:2)
  8 gnolls
  6 adders
  A white imp (D:4)
  An ufetubus (D:4)
  A worm (D:2)
  12 orcs
  11 ball pythons
  5 endoplasms
  A giant cockroach (D:1)
  9 hobgoblins
  7 jackals
  3 quokkas
  3 bats
  4 frilled lizards
  12 goblins
  15 kobolds
  12 rats
139 creatures vanquished.

Vanquished Creatures (others)
  A wizard (D:3)
1 creature vanquished.

Grand Total: 140 creatures vanquished

Notes
Turn   | Place    | Note
-------+----------+-------------------------------------------
     0 | D:1      | WimpyRanger the Formicid Fighter began the quest for the
                  | Orb.
     0 | D:1      | Reached XP level 1. HP: 18/18 MP: 1/1
    98 | D:1      | Reached XP level 2. HP: 21/24 MP: 2/2
   522 | D:1      | Reached XP level 3. HP: 29/29 MP: 3/3
   949 | D:2      | Noticed Jessica
   954 | D:2      | Killed Jessica
   955 | D:2      | Reached XP level 4. HP: 32/37 MP: 4/4
  1062 | D:2      | Found a faded altar of an unknown god.
  1064 | D:2      | Noticed Terence
  1084 | D:2      | Killed Terence
  1085 | D:2      | Reached skill level 3 in Maces & Flails
  1085 | D:2      | Reached skill level 1 in Dodging
  1085 | D:2      | Reached XP level 5. HP: 42/42 MP: 5/5
  1516 | D:2      | Reached skill level 5 in Shields
  1719 | D:3      | Found a bloodstained altar of Trog.
  1720 | D:3      | Noticed a wizard
  1725 | D:3      | Killed a wizard
  2115 | D:3      | Found a burning altar of Makhleb.
  2134 | D:3      | Reached XP level 6. HP: 48/48 MP: 6/6
  2146 | D:3      | Reached skill level 4 in Maces & Flails
  2782 | D:4      | Identified the +5 sling of Wyr Vefoe {freeze, rElec rPois
                  | Str+2}
  2797 | D:4      | Found an opulent altar of Gozag.
  2929 | D:4      | Noticed Grinder
  2949 | D:4      | Killed Grinder
  2950 | D:4      | Reached skill level 5 in Maces & Flails
  2950 | D:4      | Reached XP level 7. HP: 38/55 MP: 7/7
  3570 | D:5      | Entered Level 5 of the Dungeon
  3583 | D:5      | Found a shadowy altar of Dithmenos.
  3662 | D:4      | Reached skill level 6 in Maces & Flails
  3712 | D:5      | Noticed a wyvern
  3724 | D:5      | Killed a wyvern
  3725 | D:5      | Reached skill level 5 in Fighting
  3725 | D:5      | Reached XP level 8. HP: 57/62 MP: 8/8
  3790 | D:5      | Noticed Sigmund
  3796 | D:5      | Killed Sigmund
  3797 | D:5      | Reached skill level 7 in Maces & Flails
  3946 | D:5      | Noticed Menkaure
  3953 | D:5      | Killed Menkaure
  4139 | D:5      | Noticed Edmund
  4149 | D:5      | Killed Edmund
  4491 | D:6      | Reached XP level 9. HP: 69/69 MP: 9/9
  4495 | D:6      | Reached skill level 8 in Maces & Flails
  4597 | D:6      | Noticed Prince Ribbit
  4612 | D:6      | Killed Prince Ribbit
  4770 | D:6      | Found an iron altar of Okawaru.
  4790 | D:6      | Reached skill level 9 in Maces & Flails
  4798 | D:6      | Slain by a wight

Illustrated notes

Levels and vault maps discovered:
D:1:      dpeg_arrival_subterranean_lakeside_camping, layout_basic,
          wad_floor_pattern_untrapped
D:2:      layout_basic, hellmonk_ecumenical_altar_run_dry, uniq_terence,
          uniq_jessica
D:3:      layout_basic, mainiacjoe_overflow_cross_hatched, trog_wizard
D:4:      layout_basic, grunt_gozag_statues, uniq_grinder
D:5:      layout_cave_pools, lemuel_doored_altar, uniq_edmund, uniq_sigmund,
          uniq_menkaure
D:6:      layout_loops_ring, overflow_temple_1_default,
          gammafunk_temple_overflow_statue, grunt_temple_overflow_open,
          uniq_prince_ribbit1

Skill      XL: |  1  2  3  4  5  6  7  8  9 |
---------------+----------------------------+-----
Maces & Flails | 3 5 6 7 9 |  9.0
Armour         | 4 |  4.0
Dodging        | 1 |  1.0
Shields        | 5 6 7 8 |  8.4
Fighting       | 4 5 6 |  6.4

Action                     |  1- 3 |  4- 6 |  7- 9 || total
---------------------------+-------+-------+-------++-------
  Melee: Flail             |   122 |   183 |   147 ||   452
    Use: Potion            |       |     2 |     3 ||     5
         Scroll            |       |     1 |     6 ||     7
 Armour: Scale mail        |    75 |    57 |    59 ||   191
  Dodge: Dodged            |    61 |    97 |    53 ||   211
  Block: Buckler           |    43 |    36 |    35 ||   114

Table legend: (Time is in decaauts)
 A = Elapsed time spent in this place.
 B = Non-inter-level travel time spent in this place.
 C = Inter-level travel time spent in this place.
 D = Time resting spent in this place.
 E = Time spent auto-exploring this place.
 F = Levels seen in this place.
 G = Mean time per level.
                   A        B        C        D        E       F      G
               +--------+--------+--------+--------+--------+-----+--------+
         Total |   4895 |   4584 |    311 |    635 |   2734 |   6 |  815.8 |
       Dungeon |   4895 |   4584 |    311 |    635 |   2734 |   6 |  815.8 |
               +--------+--------+--------+--------+--------+-----+--------+

Top non-repeatable levels by time:
     D:4: 1097 daAuts
     D:3: 973 daAuts
     D:5: 893 daAuts
     D:2: 864 daAuts
     D:1: 824 daAuts
     D:6: 241 daAuts
